Map: Nightscape LE

Players

Lag - Winner!

  • Race: Zerg Zerg
  • Spawn Location: 7:00

FilipAlexand - Winner!

  • Race: Protoss Protoss
  • Spawn Location: 7:00

qqq

  • Race: Zerg Zerg
  • Spawn Location: 1:00

Massa

  • Race: Terran Terran
  • League: Platinum
  • Spawn Location: 1:00

VOD

Have the link to the VOD?

Description

Time

  • Played on: Feb. 14, 2021, 8:09 a.m.
  • Length: 13:25
Show
View Real Time Build Order
Export as new Build Order

Lag Zerg - Winner!

Build Orders: Pool First 

Get SALT Encoding   

  12  0:00  Drone  
  13  0:08  Drone  
  14  0:17  Extractor, Drone  
  14  0:33  Spawning Pool  
  13  0:35  Drone  
  14  0:48  Overlord  
  14  1:07  Drone x2  
  16  1:19  Metabolic Boost, Zergling x4  
  18  1:29  Queen  
  18  1:32  Zergling x2  
  21  1:39  Zergling x2  
  22  2:02  Overlord  
  22  2:07  Hatchery  
  21  2:33  Hatchery  
  17  2:52  Zergling x10  
  17  2:53  Zergling x2  
  23  3:05  Zergling x2  
  24  3:15  Queen  
  24  3:19  Queen  
  27  3:23  Drone x2  
  27  3:26  Drone  
  25  3:58  Drone x3  
  25  3:59  Drone x2  
  25  4:00  Drone x3  
  32  4:16  Lair  
  32  4:20  Queen  
  34  4:30  Drone x5  
  39  4:32  Extractor  
  38  4:46  Queen  
  38  4:48  Drone x2, Overlord  
  41  5:06  Queen, Zergling x2  
  44  5:15  Nydus Network  
  44  5:19  Queen  
  44  5:20  Zergling x8  
  49  5:30  Zergling x2  
  49  5:31  Overlord x2  
  50  5:51  Nydus Canal  
  50  5:55  Zergling x18  
  59  6:10  Overlord x3  
  56  6:32  Zergling x4  
  57  6:33  Zergling x8  
  56  6:48  Zergling x6  
  51  7:10  Spore Crawler  
  51  7:11  Drone  
  51  7:12  Drone x8, Spore Crawler  
  58  7:31  Hatchery  
  57  7:41  Drone  
  57  7:42  Drone x5  
  57  7:59  Drone x4  
  57  8:00  Drone x5  
  57  8:05  Baneling Nest  
  62  8:07  Extractor  
  62  8:08  Drone x4  
  62  8:10  Zergling x2  
  62  8:11  Zergling x2  
  67  8:15  Zergling x4  
  67  8:16  Zergling x2  
  70  8:29  Zergling x2  
  70  8:30  Zergling x6  
  74  8:36  Zergling x6  
  74  8:37  Zergling x8  
  81  8:45  Zergling x4  
  81  8:46  Zergling x4  
  81  8:48  Centrifical Hooks  
  85  8:50  Baneling x3  
  85  9:00  Nydus Canal  
  75  9:47  Drone x3  
  75  9:48  Drone x12  
  75  9:51  Extractor  
  75  9:52  Extractor  
  85  10:03  Zergling x4  
  85  10:04  Overlord x4  
  85  10:05  Overlord x2  
  83  10:19  Overlord  
  83  10:20  Overlord x4  
  83  10:21  Burrow  
  81  10:22  Extractor  
  81  10:27  Zergling x18  
  81  10:28  Zergling x8  
  92  10:38  Hatchery, Infestation Pit  
  90  10:45  Hatchery  
  90  10:48  Spine Crawler  
  88  10:50  Spine Crawler  
  86  11:10  Zergling x2  
  86  11:11  Zergling x10  
  92  11:14  Hatchery  
  91  11:21  Zergling x6  
  91  11:25  Pathogen Glands  
  91  11:28  Zergling x2  
  91  11:29  Zergling x28  
  102  11:43  Zergling x2  
  102  11:44  Zergling x8  
  106  11:52  Nydus Canal  
  105  11:54  Zergling x2  
  105  11:55  Zergling x18  
  107  12:16  Pneumatized Carapace  
  103  12:23  Evolution Chamber  
  103  12:27  Evolution Chamber  
  87  12:42  Zergling x10  
  87  12:43  Zergling x32  
  97  13:06  Zergling x2  
  97  13:07  Zergling x22  
Show
View Real Time Build Order
Export as new Build Order

FilipAlexand Protoss - Winner!

Build Orders:  

Get SALT Encoding   

  12  0:02  Probe  
  13  0:14  Probe  
  14  0:20  Pylon  
  14  0:26  Probe  
  15  0:43  Forge  
  15  0:46  Probe  
  16  0:58  Probe  
  17  1:10  Probe  
  18  1:11  Pylon  
  18  1:32  Photon Cannon  
  18  1:33  Gateway  
  18  1:35  Gateway  
  17  1:45  Pylon  
  17  2:00  Probe  
  18  2:04  Photon Cannon  
  18  2:15  Pylon  
  18  2:20  Probe  
  19  2:23  Assimilator  
  19  2:25  Zealot x2  
  22  2:42  Cybernetics Core  
  22  2:47  Probe  
  22  2:48  Assimilator  
  23  3:21  Adept (Chrono Boost)  
  23  3:22  Adept (Chrono Boost)  
  23  3:43  Pylon  
  23  3:51  Adept x2  
  23  3:53  Warp Gate  
  23  4:15  Gateway, Nexus  
  23  4:34  Probe, Pylon  
  19  4:47  Probe  
  20  4:54  Stargate  
  20  4:59  Probe  
  21  5:00  Photon Cannon  
  21  5:11  Probe  
  21  5:14  Stargate  
  22  5:17  Pylon  
  22  5:23  Probe  
  23  5:35  Probe  
  24  5:39  Phoenix (Chrono Boost)  
  26  5:54  Photon Cannon  
  25  6:07  Phoenix x2  
  27  6:32  Phoenix  
  29  6:33  Probe  
  30  6:43  Oracle  
  30  6:45  Probe  
  34  6:57  Probe  
  35  7:05  Phoenix  
  37  7:09  Probe  
  38  7:21  Probe  
  32  8:10  Probe  
  31  8:19  Nexus  
  29  8:22  Probe  
  29  8:23  Pylon  
  29  8:26  Pylon  
  30  8:27  Pylon  
  30  8:33  Pylon  
  31  8:34  Probe  
  31  8:41  Oracle x2  
  37  8:44  Pylon  
  37  8:46  Probe  
  38  8:58  Probe  
  39  9:10  Probe  
  39  9:16  Stargate  
  40  9:18  Phoenix x2, Assimilator  
  40  9:22  Probe  
  45  9:25  Assimilator  
  45  9:34  Probe  
  46  9:43  Phoenix  
  50  9:54  Void Ray  
  50  9:57  Void Ray  
  50  10:02  Void Ray  
  50  10:06  Pylon  
  60  10:32  Void Ray (Chrono Boost)  
  60  10:39  Void Ray (Chrono Boost)  
  60  10:42  Probe x2, Stargate  
  68  10:55  Oracle (Chrono Boost)  
  71  10:58  Pylon  
  71  11:08  Void Ray (Chrono Boost)  
  71  11:10  Nexus  
  71  11:13  Void Ray (Chrono Boost)  
  79  11:40  Pylon  
  71  11:53  Phoenix x4  
  73  12:08  Photon Cannon  
  66  12:09  Photon Cannon  
  66  12:13  Assimilator  
  50  12:17  Phoenix  
  50  12:21  Assimilator  
  50  12:22  Probe x3  
  55  12:24  Void Ray  
  55  12:34  Probe x2  
  61  12:39  Probe  
  62  12:46  Probe x2  
  62  12:51  Probe  
  73  13:07  Probe x3  
Show
View Real Time Build Order
Export as new Build Order

qqq Zerg 

Build Orders: Hatch First 

Get SALT Encoding   

  12  0:00  Drone  
  13  0:09  Drone  
  14  0:45  Hatchery  
  14  0:49  Overlord  
  13  0:50  Drone  
  14  1:09  Spawning Pool  
  14  1:11  Extractor  
  13  1:30  Drone x3  
  16  1:37  Hatchery  
  15  1:43  Drone  
  16  1:56  Zergling x2  
  16  1:59  Queen  
  19  2:13  Zergling x2  
  19  2:18  Zergling x2  
  20  2:27  Zergling x2  
  20  2:43  Zergling x2  
  19  3:03  Zergling x4  
  21  3:07  Zergling x2  
  21  3:14  Drone x2  
  21  3:15  Drone  
  23  3:21  Zergling x6  
  28  3:29  Metabolic Boost  
  28  3:32  Lair  
  28  3:33  Drone  
  27  4:05  Drone  
  27  4:07  Overlord x2  
  27  4:15  Overlord x2  
  27  4:24  Queen  
  27  4:26  Drone  
  30  4:34  Hatchery  
  29  4:41  Spire  
  29  4:43  Drone  
  27  4:51  Drone x2  
  28  4:57  Drone  
  28  4:58  Drone  
  30  5:05  Drone x2  
  32  5:09  Extractor  
  32  5:12  Drone  
  32  5:23  Drone x2  
  32  5:25  Drone x2  
  36  5:30  Drone  
  36  5:32  Drone  
  36  5:33  Drone  
  39  5:40  Drone  
  40  5:45  Drone  
  41  5:56  Mutalisk x2, Zergling x6  
  44  5:58  Drone  
  49  6:05  Drone x3  
  52  6:12  Mutalisk  
  52  6:14  Mutalisk  
  52  6:15  Drone  
  52  6:16  Drone  
  52  6:18  Drone  
  59  6:22  Drone  
  60  6:28  Mutalisk  
  60  6:29  Zergling x6  
  65  6:34  Overlord  
  63  6:43  Drone x3  
  66  6:48  Overlord  
  66  6:49  Overlord x2  
  63  7:08  Mutalisk x2  
  63  7:10  Drone x4  
  63  7:14  Drone  
  72  7:27  Corruptor  
  70  7:38  Spore Crawler, Corruptor  
  70  7:42  Drone x5  
  76  7:58  Drone x3  
  68  8:15  Corruptor  
  68  8:16  Drone  
  68  8:17  Drone x3  
  68  8:19  Extractor  
  73  8:20  Extractor  
  73  8:24  Drone x3, Corruptor  
  73  8:26  Drone  
  78  8:27  Zergling x2  
  78  8:32  Hatchery  
  78  8:33  Drone  
  79  8:39  Hatchery  
  79  8:40  Drone x2  
  79  8:41  Spore Crawler  
  79  8:42  Corruptor  
  79  8:47  Drone  
  82  8:49  Corruptor  
  84  9:01  Drone  
  84  9:02  Drone x2, Corruptor  
  89  9:22  Spine Crawler  
  88  9:25  Hatchery  
  88  9:27  Spire  
  88  9:29  Mutalisk  
  88  9:31  Zergling x10  
  69  9:39  Drone x3  
  69  9:40  Zergling x6  
  69  9:41  Zergling x2  
  70  9:54  Queen  
  70  9:55  Drone x2  
  74  10:09  Spawning Pool  
  74  10:12  Drone x3  
  74  10:13  Drone  
  72  10:15  Drone  
  72  10:16  Drone x3  
  74  10:27  Drone x3, Spawning Pool  
  76  10:32  Drone x4  
  80  10:36  Extractor  
  80  10:37  Extractor  
  74  10:50  Drone x4  
  74  10:51  Drone x2  
  74  10:53  Mutalisk x4  
  74  10:55  Overlord x5  
  74  10:56  Overlord x2  
  86  10:59  Drone  
  86  11:00  Drone x4  
  88  11:07  Spine Crawler  
  88  11:08  Spine Crawler  
  88  11:10  Spine Crawler x2  
  82  11:15  Mutalisk  
  82  11:22  Drone x4  
  78  11:31  Drone x2  
  72  11:34  Drone  
  64  11:41  Spine Crawler  
  64  11:43  Spine Crawler  
  64  11:45  Drone x2  
  64  11:46  Spine Crawler  
  58  11:50  Drone x3  
  58  11:53  Corruptor  
  54  11:55  Zergling x10  
  55  12:09  Drone x3  
  55  12:10  Drone x2  
  55  12:14  Extractor  
  54  12:20  Drone, Spine Crawler  
  54  12:21  Drone x2, Spine Crawler  
  50  12:24  Extractor  
  50  12:25  Extractor, Spine Crawler x2  
  46  12:30  Drone x3  
  37  12:45  Spore Crawler  
  37  12:50  Hatchery  
  34  12:55  Overseer  
  36  13:06  Zergling x4  
  36  13:07  Zergling x10  
  36  13:09  Spore Crawler  
  36  13:11  Extractor  
Show
View Real Time Build Order
Export as new Build Order

Massa Terran 

Build Orders:  

Get SALT Encoding   

  12  0:00  SCV  
  13  0:12  SCV  
  14  0:22  Supply Depot  
  14  0:24  SCV  
  15  0:44  SCV  
  15  0:45  Barracks  
  15  0:48  Refinery  
  16  0:56  SCV  
  17  1:08  SCV  
  17  1:10  Barracks  
  18  1:22  SCV  
  19  1:28  Barracks  
  19  1:39  SCV  
  20  1:47  Supply Depot  
  20  1:58  Marine  
  21  2:12  Orbital Command  
  21  2:15  Factory, Marine  
  21  2:17  Marine  
  23  2:33  Marine  
  23  2:35  Marine  
  22  2:51  Marine  
  22  2:54  Bunker  
  22  2:57  Supply Depot  
  23  3:06  Marine  
  23  3:09  Marine  
  24  3:20  Hellion  
  24  3:24  Marine  
  25  3:27  Marine  
  26  3:34  Starport  
  26  3:42  Marine  
  26  3:44  Marine  
  26  3:46  Hellion  
  30  4:00  Marine  
  30  4:02  Marine  
  28  4:14  Starport Tech Lab  
  28  4:17  Marine  
  28  4:19  Widow Mine  
  31  4:25  Supply Depot  
  31  4:39  Marine  
  30  4:47  Viking  
  32  5:05  Factory Tech Lab  
  32  5:07  Barracks Tech Lab  
  32  5:13  SCV  
  33  5:17  Banshee  
  36  5:25  SCV  
  37  5:37  SCV  
  38  5:49  SCV  
  39  5:58  Command Center  
  36  6:12  Marine  
  36  6:13  Marine  
  26  6:40  Supply Depot x2  
  26  6:43  Supply Depot  
  26  6:45  Orbital Command  
  24  7:02  Marine x2, Siege Tank  
  29  7:14  Orbital Command  
  29  7:19  Marine x2  
  29  7:37  Marine x2  
  29  7:40  Orbital Command  
  15  8:09  Marine  
  15  8:10  Marine  
  17  8:19  SCV  
  18  8:27  Marine x2  
  18  8:31  SCV  
  18  8:33  SCV  
  22  8:43  Orbital Command, SCV  
  23  8:52  SCV  
  24  9:02  Marine x2  
  24  9:04  SCV  
  24  9:08  SCV  
  28  9:16  SCV  
  29  9:20  SCV, Marine x2  
  32  9:28  SCV  
  31  9:32  SCV  
  31  9:38  Marine x2  
  32  9:45  SCV  
  29  9:59  SCV x2, Engineering Bay  
  31  10:11  SCV x2  
  31  10:12  Marine x2  
  35  10:15  Widow Mine  
  37  10:23  SCV x2  
  38  10:30  Marine x2  
  41  10:35  SCV x2  
  41  10:40  Missile Turret  
  41  10:41  Missile Turret  
  42  10:47  SCV  
  42  10:48  Marine x2  
  42  10:49  SCV  
  46  10:57  Viking  
  46  10:59  SCV  
  46  11:02  SCV  
  50  11:06  Marine x2  
  52  11:12  SCV  
  52  11:14  SCV  
  54  11:21  Supply Depot  
  54  11:23  Supply Depot  
  54  11:43  SCV x2, Marine x2  
  58  11:55  SCV x2  
  58  12:01  Marine x2  
  62  12:07  SCV  
  63  12:16  Siege Tank  
  63  12:18  Marine x2  
  63  12:19  SCV x2  
  70  12:23  Command Center  
  70  12:26  Barracks  
  70  12:27  Barracks  
  70  12:47  SCV  
  70  12:54  SCV  
  68  12:59  SCV  
  66  13:06  SCV  
  63  13:14  Barracks Tech Lab  
  62  13:23  Barracks Reactor  
Tags
 
Add a new tag
Caveats
  • Supply blocks, unpowered buildings, or Contaminate may cause inaccurate times.
  • Supply counts are checked every 10 seconds.